 Dungeon Crawl Stone Soup version 0.27.1-16-g815e20cd7a (webtiles) character file.

Game seed: 1074149705198045634

189 styxcanada the Sneak (level 5, -1/26 HPs)
             Began as a Spriggan Brigand on Nov 22, 2021.
             Killed from afar by Ijyb (8 damage)
             ... with a puff of flame
             ... on level 3 of the Dungeon on Nov 23, 2021.
             The game lasted 00:12:29 (3150 turns).

styxcanada the Sneak (Spriggan Brigand)             Turns: 3150, Time: 00:12:29

Health: -1/26      AC:  3    Str:  7    XL:     5   Next: 40%
Magic:  7/7        EV: 17    Int: 12    God:
Gold:   151        SH:  0    Dex: 18    Spells: 3/6 levels left

rFire    . . .     SeeInvis +   a - +2 dagger
rCold    . . .     Faith    .   (shield restricted)
rNeg     . . .     Spirit   .   b - +0 robe
rPois    .         Reflect  .   (helmet restricted)
rElec    .         Harm     .   c - +0 cloak
rCorr    .         Rampage  .   (gloves unavailable)
Will     .....                  (boots unavailable)
Stlth    ++++......             h - amulet of regeneration
HPRegen  1.08/turn              (no ring)
MPRegen  0.10/turn              (no ring)

@: very quick
A: very small, no large weapons, unfitting armour, see invisible, speed 3
a: no special abilities


You were on level 3 of the Dungeon.
You visited 1 branch of the dungeon, and saw 3 of its levels.

You collected 151 gold pieces.

Inventory:

Hand Weapons
 a - a +2 dagger (weapon)
 o - a +0 hunting sling
Missiles
 f - 15 sling bullets
 g - 17 stones (quivered)
 m - 3 boomerangs
Armour
 b - a +0 robe (worn)
 c - a +0 cloak (worn)
Jewellery
 h - an amulet of regeneration (around neck)
Scrolls
 i - a scroll of noise {unknown}
 k - a scroll of amnesia {unknown}
 l - 2 scrolls of vulnerability
 n - a scroll of identify {unknown}
Potions
 j - a potion of lignification {unknown}


   Skills:
 * Level 2.2 Fighting
 + Level 3.3 Short Blades
 + Level 2.3 Throwing
 * Level 2.6 Dodging
 * Level 7.9 Stealth
 * Level 1.1 Spellcasting
 * Level 0.9 Hexes
 * Level 0.1 Ice Magic


You had 3 spell levels left.
You knew the following spells:

 Your Spells              Type           Power      Damage    Failure   Level
a - Corona                Hex            2%         N/A       21%         1
b - Ensorcelled Hibernat  Hex/Ice        2%         N/A       36%         2

Your spell library contained the following spells:

 Spells                   Type           Power      Damage    Failure   Level
 Magic Dart               Conj           0%         1d3       30%         1
 Call Imp                 Summ           0%         N/A       41%         2
 Tukima's Dance           Hex            2%         N/A       52%         3
 Mephitic Cloud           Conj/Pois/Air  0%         N/A       65%         3


Dungeon Overview and Level Annotations

Branches:
Dungeon (3/15)

Altars:

Annotations:
D:3 Ijyb


Innate Abilities, Weirdness & Mutations

You are very small and have problems with some larger weapons.
You are too small for most types of armour.
You have supernaturally acute eyesight. (SInv)
You cover ground extremely quickly. (Speed+++)


Message History

Ijyb is moderately wounded.
Ijyb misses you.
Throw: 2 darts (curare)
Press: ? - help, Q - select action, (/) - cycle Shift-Dir - straight line, f/p - Ijyb
Aim: Ijyb, wielding a +0 club, wearing a +0 leather armour and carrying a wand of flame (17) (moderately wounded, poisoned, 56% to hit)
You throw a curare-tipped dart.
The curare-tipped dart closely misses Ijyb.
Ijyb screams, "You nasty!
Big nasty!"
Ijyb closely misses you.
Throw: dart (curare)
Press: ? - help, Q - select action, (/) - cycle Shift-Dir - straight line, f/p - Ijyb
Aim: Ijyb, wielding a +0 club, wearing a +0 leather armour and carrying a wand of flame (17) (heavily wounded, poisoned, 56% to hit)
You throw a curare-tipped dart.
The curare-tipped dart closely misses Ijyb.
Ijyb misses you.
Throw: 20 stones
Press: ? - help, Q - select action, (/) - cycle Shift-Dir - straight line, f/p - Ijyb
Aim: Ijyb, wielding a +0 club, wearing a +0 leather armour and carrying a wand of flame (17) (heavily wounded, poisoned, 56% to hit)
You throw a stone. The stone hits Ijyb but does no damage.
Ijyb is heavily wounded.
Ijyb misses you.
Throw: 19 stones
Press: ? - help, Q - select action, (/) - cycle Shift-Dir - straight line, f/p - Ijyb
Aim: Ijyb, wielding a +0 club, wearing a +0 leather armour and carrying a wand of flame (17) (heavily wounded, poisoned, 56% to hit)
You throw a stone. The stone hits Ijyb but does no damage.
Ijyb is heavily wounded.
Ijyb hits you with a +0 club.
Throw: 18 stones
Press: ? - help, Q - select action, (/) - cycle Shift-Dir - straight line, f/p - Ijyb
Aim: Ijyb, wielding a +0 club, wearing a +0 leather armour and carrying a wand of flame (17) (heavily wounded, poisoned, 56% to hit)
You throw a stone. The stone closely misses Ijyb.
Ijyb zaps a wand.
The puff of flame misses you. The puff of flame hits you!
You completely miss Ijyb.
Ijyb is heavily wounded.
Ijyb looks more healthy.
Ijyb hits you with a +0 club.
* * * LOW HITPOINT WARNING * * *
You hit Ijyb.
Ijyb is heavily wounded.
Ijyb zaps a wand.
The puff of flame hits you!
You die...

# .# #...####(.†..# # #.#
#### #(....# #####.###
#(....# ........# #(....###
####....# #.......#
####....# ###.#####.#
........# #...# #.###
........### #.#g# ###...#
..........# ##..@###...#..#
....##....# #..#.....#..#.#
....##....##.##.###.#.##..#
....##....#.##.8.###.⌠.##.#
....##.....####.#.###.##
#.#
######.....#.###.#.###.#
..# ........#.♣ ###.8)###.8
.# .........#.#.###.#.###.#
# #....(....####.#.###.####


You could see Ijyb.

Vanquished Creatures
  Natasha (thrice) (D:2)
  An orc wizard (D:3)
  2 adders (D:2)
  A dart slug (D:1)
  4 orcs (D:3)
  6 endoplasms
  2 giant cockroaches
  3 hobgoblins
  3 jackals (D:2)
  4 quokkas (D:2)
  6 ball pythons
  4 bats
  8 frilled lizards
  7 goblins
  8 kobolds
  7 rats
69 creatures vanquished.

Vanquished Creatures (others)
  A fungus (D:1)
1 creature vanquished.

Grand Total: 70 creatures vanquished

Notes
Turn   | Place    | Note
-------+----------+-------------------------------------------
     0 | D:1      | styxcanada the Spriggan Brigand began the quest for the
                  | Orb.
     0 | D:1      | Reached XP level 1. HP: 10/10 MP: 2/2
    41 | D:1      | Reached skill level 6 in Stealth
   318 | D:1      | Reached XP level 2. HP: 13/15 MP: 3/3
  1151 | D:1      | Found a faded altar of an unknown god.
  1175 | D:1      | Reached XP level 3. HP: 18/18 MP: 4/4
  1488 | D:2      | Reached skill level 7 in Stealth
  1488 | D:2      | Noticed Natasha
  1498 | D:2      | Killed Natasha
  1499 | D:2      | Reached XP level 4. HP: 19/23 MP: 5/5
  1589 | D:2      | Learned a level 1 spell: Corona
  1603 | D:2      | Noticed Natasha
  1617 | D:2      | Killed Natasha
  1649 | D:2      | Noticed Natasha
  1732 | D:2      | Killed Natasha
  1914 | D:2      | Reached XP level 5. HP: 26/26 MP: 7/7
  2106 | D:2      | Learned a level 2 spell: Ensorcelled Hibernation
  2554 | D:3      | Reached skill level 1 in Spellcasting
  3095 | D:3      | Noticed Ijyb
  3150 | D:3      | Killed from afar by Ijyb

Illustrated notes

Levels and vault maps discovered:
D:1:      dpeg_arrival_shrine, layout_basic, shapermc_ecumenical_altar_acropolis
D:2:      layout_loops_ring, hangedman_decor_growths, uniq_natasha
D:3:      layout_basic, grunt_decor_mini_mirrors, dk_vineyard_1,
          minmay_snake_closets, uniq_ijyb

Skill      XL: |  1  2  3  4  5 |
---------------+----------------+-----
Stealth        | 6 7 |  7.9
Fighting       | 2 |  2.2
Short Blades   | 3 |  3.3
Dodging        | 2 |  2.6
Spellcasting   | 1 |  1.1
Throwing       | |  2.3
Hexes          | |  0.9
Ice Magic      | |  0.1

Action                   |  1- 3 |  4- 6 || total
-------------------------+-------+-------++-------
Melee: Dagger            |    92 |   123 ||   215
Throw: Dart              |     8 |    32 ||    40
       Stone             |       |     3 ||     3
  Use: Scroll            |       |     1 ||     1
 Stab: Sleeping          |    12 |     5 ||    17
Armor: Robe              |    12 |     9 ||    21
Dodge: Dodged            |    59 |    89 ||   148
